 Dungeon Crawl Stone Soup version 0.26.1-11-gd32895ea62 (webtiles) character file.

Game seed: 2041796246064819320

1149 Zeld the Changer (level 8, -1/54 HPs)
             Began as an Octopode Transmuter on May 27, 2021.
             Was an Initiate of Gozag.
             Slain by a wyvern (9 damage)
             ... on level 7 of the Dungeon.
             The game lasted 00:07:42 (9943 turns).

Zeld the Changer (Octopode Transmuter)              Turns: 9943, Time: 00:07:42

Health: -1/54      AC:  1    Str: 11    XL:     8   Next: 38%
Magic:  11/16      EV: 15    Int: 16    God:    Gozag
Gold:   486        SH:  0    Dex: 12    Spells: 2/17 levels left

rFire    . . .     SeeInvis +     - Unarmed
rCold    . . .     Faith    .   (no shield)
rNeg     . . .     Spirit   .   (helmet restricted)
rPois    .         Reflect  .   (no amulet)
rElec    .         Harm     .   h - ring of teleportation (curse)
rCorr    .         Rampage  .   s - ring of see invisible
Will     .....     Rnd*Tele +   (no ring)
Stlth    ++........             (no ring)
HPRegen  0.18/turn              (no ring)
MPRegen  0.15/turn              (no ring)
                                (no ring)
                                (no ring)

@: about to teleport
A: almost no armour, stealthy swim, amphibious, 8 rings, constrict 8, camouflage
1, screaming 1, gelatinous body 1, subdued magic 1
a: Renounce Religion, Potion Petition, Call Merchant, Bribe Branch


You were on level 7 of the Dungeon.
You worshipped Gozag.
Gozag was aware of your devotion.
You visited 1 branch of the dungeon, and saw 8 of its levels.

You collected 787 gold pieces.
You spent 197 gold pieces at shops.
You paid 104 gold pieces to Gozag.

Inventory:

Jewellery
 h - a cursed ring of teleportation (left tentacle)
 s - a ring of see invisible (right tentacle)
 t - an uncursed amulet of reflection {unknown}
Wands
 b - a wand of polymorph (9)
 j - a wand of acid (14)
 n - a wand of enslavement (6)
Scrolls
 a - 3 scrolls of enchant armour
 d - a scroll of magic mapping
 e - 3 scrolls of teleportation
 l - a scroll of brand weapon {unknown}
 o - a scroll of amnesia {unknown}
 q - a scroll of noise {unknown}
 r - a scroll of remove curse {unknown}
Potions
 f - a potion of berserk rage {unknown}
 g - a potion of heal wounds {unknown}
 i - 2 potions of might
 k - 3 potions of curing {unknown}
 m - a potion of mutation {unknown}
 p - a potion of haste {unknown}


   Skills:
 + Level 3.8 Fighting
 + Level 4.3 Dodging
 - Level 3.0 Unarmed Combat
 * Level 5.4 Spellcasting
 * Level 5.9 Transmutations


You had 2 spell levels left.
You knew the following spells:

 Your Spells              Type           Power        Failure   Level
a - Beastly Appendage     Tmut           34%          1%          1
b - Wereblood             Tmut           17%          1%          2
c - Spider Form           Tmut/Pois      5%           11%         3
d - Ice Form              Ice/Tmut       10%          36%         4
e - Blade Hands           Tmut           8%           30%         5

Your spell library contained the following spells:

 Spells                   Type           Power        Failure   Level
 Animate Skeleton         Necr           6%           12%         1
 Apportation              Tloc           6%           12%         1
 Corona                   Hex            3%           12%         1
 Freeze                   Ice            12%          12%         1
 Summon Small Mammal      Summ           12%          12%         1
 Confusing Touch          Hex            3%           36%         3
 Frozen Ramparts          Ice            6%           36%         3
 Gell's Gravitas          Tloc           1%           36%         3
 Ozocubu's Armour         Ice            3%           36%         3
 Petrify                  Tmut/Erth      10%          36%         4
 Yara's Violent Unravell  Hex/Tmut       5%           73%         5
 Hailstorm                Conj/Ice       3%           78%         4
 Summon Ice Beast         Ice/Summ       3%           78%         4
 Metabolic Englaciation   Hex/Ice        1%           98%         5


Dungeon Overview and Level Annotations

Branches:
Dungeon (8/15)             Temple (0/1) D:6
   Lair: D:8-11

Altars:
Cheibriados
Fedhas
Gozag
Kikubaaqudgha
Makhleb
Ru
Vehumet

Shops:
D:4 *

Annotations:
D:5 5 runed translucent doors


Innate Abilities, Weirdness & Mutations

You cannot wear most types of armour.
You are very stealthy in the water. (Stealth+)
You are amphibious.
You can wear up to eight rings at the same time.
You can use your tentacles to constrict eight enemies at once.
Your skin changes colour to match your surroundings (Stealth+).
Your rubbery body absorbs attacks. (AC +1, EV +1)
You occasionally shout uncontrollably at your foes.
Your spells are a little easier to cast, but a little less powerful.


Message History

The wyvern barely misses you.
You climb upwards.
The bullfrog is no longer distracted by gold.
A kobold comes into view. It is wielding a +0 dagger.
The jelly closely misses you. x2
There is a stone staircase leading down here.
Blink to where?
Press: ? - help, Dir - move target
As you read the scroll of blinking, it crumbles to dust.
Found a stone staircase leading down.
Found a scroll of random uselessness.
As you read the scroll of teleportation, it crumbles to dust.
You feel strangely unstable.
Found a robe.
An orc comes into view. It is wielding a +0 mace.
Found 11 gold pieces.
The orc shouts!
You hear a shout! x2
The wyvern bites you!
You die...
Your body crumbles into a pile of gold.

.....g.....#........
.........g..#.#........
............#.#......[.
#gg##.#..g............#
.K## ##...............#
g<.###....J..........#
..................>..##
..###............#.?..#.
.##............l@....o..
. ..####.....#.........
. . ####.####....... .
### $....#. ^ .......
....... .##.#.. ## ###.
$


You could see a wyvern, a gnoll sergeant, a jelly, a gnoll and an orc.

Vanquished Creatures
  Duvessa (D:4)
  A black bear (D:6)
  The ghost of Zeld the Chopper, an amateur GrBe of Trog (D:3)
  Dowan (D:4)
  A wyvern skeleton (D:5)
  A scorpion (D:5)
  2 bullfrog zombies (D:5)
  A crimson imp (D:3)
  A bullfrog skeleton (D:6)
  3 hounds
  2 orc priests (D:4)
  A jelly (D:5)
  Ijyb (D:5)
  2 iguanas
  4 worker ants
  2 hound zombies (D:5)
  A howler monkey zombie (D:5)
  4 worker ant zombies (D:5)
  7 adders
  A shadow imp (D:5)
  A white imp (D:3)
  An ufetubus (D:3)
  An ooze (D:4)
  An adder zombie (D:5)
  An adder skeleton (D:4)
  3 worms
  3 dart slugs
  A leopard gecko (D:4)
  5 orcs
  A ball python (D:5)
  3 bats (D:2)
  6 giant cockroaches
  10 goblins
  7 hobgoblins
  7 jackals
  4 quokkas
  A frilled lizard (D:4)
  A jackal skeleton (D:5)
  A jackal zombie (D:5)
  A leopard gecko skeleton (D:5)
  A leopard gecko zombie (D:5)
  6 rats
104 creatures vanquished.

Vanquished Creatures (others)
  2 withered plants (D:3)
2 creatures vanquished.

Grand Total: 106 creatures vanquished

Notes
Turn   | Place    | Note
-------+----------+-------------------------------------------
     0 | D:1      | Zeld the Octopode Transmuter began the quest for the Orb.
     0 | D:1      | Reached XP level 1. HP: 13/13 MP: 3/3
   242 | D:2      | Found an ancient bone altar of Kikubaaqudgha.
   339 | D:2      | Found a snail-covered altar of Cheibriados.
   414 | D:2      | Reached XP level 2. HP: 15/18 MP: 3/5
   417 | D:2      | Learned a level 2 spell: Wereblood
   755 | D:4      | Reached XP level 3. HP: 23/23 MP: 4/6
   780 | D:4      | Learned a level 3 spell: Spider Form
  1079 | D:4      | Reached XP level 4. HP: 29/29 MP: 4/8
  1327 | D:4      | Reached XP level 5. HP: 27/34 MP: 6/9
  1545 | D:4      | Learned a level 4 spell: Ice Form
  1702 | D:4      | Found Tafugy's Assorted Antiques.
  2144 | D:4      | Reached XP level 6. HP: 33/39 MP: 9/11
  2434 | D:5      | Entered Level 5 of the Dungeon
  2434 | D:5      | Found an opulent altar of Gozag.
  2444 | D:5      | Became a worshipper of Gozag Ym Sagoz the Greedy
  3727 | D:2      | Found a sacrificial altar of Ru.
  3766 | D:2      | Found a blossoming altar of Fedhas.
  4064 | D:3      | Found a runed translucent door.
  4067 | D:3      | Noticed Zeld's ghost (amateur GrBe)
  4735 | D:3      | HP: 2/41 [poisoned by an adder]
  4743 | D:3      | HP: 1/41 [poisoned by an adder]
  5562 | D:3      | Found a burning altar of Makhleb.
  5562 | D:3      | Found a radiant altar of Vehumet.
  5896 | D:4      | Bought a scroll labelled HIFES XIWEY for 25 gold pieces
  5896 | D:4      | Bought a bubbling red potion for 22 gold pieces
  5896 | D:4      | Bought a scroll labelled XAIKYE ZAUDEU for 25 gold pieces
  5896 | D:4      | Bought a glowing coral ring for 125 gold pieces
  5912 | D:5      | Reached XP level 7. HP: 38/45 MP: 8/13
  6586 | D:5      | Noticed Duvessa
  6586 | D:5      | Noticed Dowan
  7891 | D:5      | Learned a level 5 spell: Blade Hands
  7951 | D:5      | Gained mutation: You occasionally shout uncontrollably at
                  | your foes. [mutagenic glow]
  8071 | D:5      | Reached skill level 5 in Transmutations
  8093 | D:5      | Noticed Ijyb
  8100 | D:5      | Killed Ijyb
  8834 | D:4      | Killed Duvessa
  8904 | D:4      | Killed Dowan
  8905 | D:4      | Reached skill level 5 in Spellcasting
  8905 | D:4      | Reached XP level 8. HP: 52/52 MP: 1/15
  8907 | D:4      | Gained mutation: Your spells are a little easier to cast,
                  | but a little less powerful. [mutagenic glow]
  9222 | D:5      | Found the +9 staff of Olgreb {rPois∞}
  9375 | D:5      | Found a runed translucent gate.
  9375 | D:5      | Found a runed translucent gate.
  9376 | D:5      | Found a runed translucent door.
  9387 | D:5      | Found a runed translucent gate.
  9396 | D:5      | Found a runed translucent door.
  9628 | D:3      | Killed Zeld's ghost
  9845 | D:6      | Found a staircase to the Ecumenical Temple.
  9925 | D:8      | Noticed a wyvern
  9943 | D:7      | Slain by a wyvern

Illustrated notes

Levels and vault maps discovered:
D:1:      mrwooster_arrival_statue_3, layout_loops_cross
D:2:      layout_basic, marbit_many_paths, fedhas_altar_4, lemuel_crystal_altar,
          kennysheep_slug_shrine
D:3:      layout_loops_corners, grunt_temple_overflow_lords_of_destruction,
          gammafunk_ghost_grave, kennysheep_generic_room_14
D:4:      layout_basic, serial_shops, kennysheep_mini_moat
D:5:      layout_cave_pools, serial_undead, serial_undead_b, serial_undead_b,
          serial_undead_c, serial_undead_a, basic_altar,
          minmay_guarded_unrand_staff_of_olgreb, uniq_ijyb, uniq_duvessa
D:6:      layout_rooms, lemuel_doored_altar, nemelex_xobeh_ov_fountains_minmay,
          temple_pool_b
D:7:      layout_cave_pools, general_overflow_altar,
          corexii_item_surrounded_by_moat, grunt_decor_arrowhead, uniq_maggie
D:8:      layout_cave_pools, trog_eyes_of_draining, uniq_prince_ribbit1

Skill      XL: |  1  2  3  4  5  6  7 |
---------------+----------------------+-----
Transmutations | 3 4 5 |  5.9
Spellcasting   | 3 4 5 |  5.4
Fighting       | 2 3 |  3.8
Dodging        | 3 4 |  4.3
Unarmed Combat | |  3.0

Action                   |  1- 3 |  4- 6 |  7- 9 || total
-------------------------+-------+-------+-------++-------
Melee: Unarmed           |    27 |   175 |   126 ||   328
       Kick              |     7 |    28 |       ||    35
       Constrict         |     8 |    42 |    17 ||    67
       Tentacles         |     5 |    27 |    14 ||    46
       Punch             |     1 |     2 |     3 ||     6
 Cast: Beastly Appendage |     8 |    35 |       ||    43
       Spider Form       |     1 |     4 |     6 ||    11
       Ice Form          |       |     1 |     1 ||     2
       Blade Hands       |       |       |     4 ||     4
Evoke: Wand              |       |       |     5 ||     5
  Use: Scroll            |       |       |    10 ||    10
 Stab: Sleeping          |     2 |     4 |       ||     6
       Distracted        |       |     1 |       ||     1
Armor: Skin              |     3 |     6 |     9 ||    18
Dodge: Dodged            |    25 |   118 |   146 ||   289
